 Dungeon Crawl Stone Soup version 0.26-a0-1164-g1a551d6a14 (webtiles) character file.

Game seed: 7650076916260782988

45087 woodenlegs the Frost Mage (level 13, -10/108 HPs)
             Began as a White Draconian Ice Elementalist on Dec 20, 2020.
             Was an Elder of Vehumet.
             Killed from afar by Jorgrun (31 damage)
             ... with a blast of rock fragments
             ... on level 12 of the Dungeon on Dec 24, 2020.
             The game lasted 01:57:51 (31137 turns).

woodenlegs the Frost Mage (DrIE)                   Turns: 31137, Time: 01:57:51

Health: -10/108    AC: 20    Str: 19    XL:     13   Next: 99%
Magic:  1/26       EV: 15    Int: 21    God:    Vehumet [****..]
Gold:   1350       SH:  0    Dex: 11    Spells: 5/30 levels left

rFire    . . .     SeeInvis .   e - +9 dagger (venom)
rCold    + + .     Faith    .   (no shield)
rNeg     . . .     Spirit   .   (armour unavailable)
rPois    .         Reflect  .   (helmet restricted)
rElec    .         Harm     .   f - +2 cloak
rCorr    .         Rampage  .   (no gloves)
Will     .....                  (no boots)
Stlth    ++++......             (no amulet)
HPRegen  0.28/turn              g - +6 ring of strength
MPRegen  0.20/turn              o - ring of stealth

@: icy armour, frozen ramparts
A: breathe frost, unfitting armour, blurry vision 1, clever 1, cold resistance
2, cold-blooded, AC +8
a: Breathe Frost, Renounce Religion


You were on level 12 of the Dungeon.
You worshipped Vehumet.
Vehumet was greatly pleased with you.
You visited 4 branches of the dungeon, and saw 21 of its levels.
You also visited: Ossuary and Gauntlet.

You collected 1350 gold pieces.

Inventory:

Hand Weapons
 e - a +9 dagger of venom (weapon)
 v - a +2 dagger of draining
 B - a +4 short sword of electrocution
 D - a +0 shortbow
 K - a +0 dagger of speed
Missiles
 G - 104 arrows
Armour
 f - a +2 cloak (worn)
Magical Staves
 a - an uncursed staff of air {unknown}
 J - an uncursed staff of poison
Jewellery
 g - a +6 ring of strength (left hand)
 j - an uncursed ring of resist corrosion
 k - an uncursed ring of positive energy
 o - a ring of stealth (right hand)
 q - a cursed +6 ring of intelligence {unknown}
 C - an uncursed ring of flight
Wands
 b - a wand of enslavement (10)
 t - a wand of flame (13)
 u - a wand of paralysis (9)
 z - a wand of acid (4)
 A - a wand of random effects (24)
 H - a wand of digging (3)
Scrolls
 h - 3 scrolls of teleportation
 r - 5 scrolls of remove curse
 x - 2 scrolls of magic mapping
 y - 2 scrolls of amnesia
 F - 4 scrolls of identify
 M - 2 scrolls of enchant armour
Potions
 c - a potion of brilliance
 d - 3 potions of cancellation
 i - 3 potions of flight
 l - 5 potions of attraction
 p - 2 potions of curing
 s - a potion of berserk rage
 w - 2 potions of lignification
 E - a potion of magic
 L - 2 potions of ambrosia
Miscellaneous
 m - a condenser vane (inert)
 n - a phantom mirror (inert)


   Skills:
 + Level 8.5 Fighting
 - Level 6.0 Short Blades
 - Level 7.0 Dodging
 - Level 7.0 Stealth
 - Level 9.0 Spellcasting
 + Level 10.5 Conjurations
 - Level 2.0 Summonings
 - Level 12.0 Ice Magic
 - Level 8.0 Air Magic
 - Level 8.2 Earth Magic
 - Level 3.2 Poison Magic
 - Level 1.0 Evocations


You had 5 spell levels left.
You knew the following spells:

 Your Spells              Type           Power        Failure   Level
b - Frozen Ramparts       Ice            100%         1%          3
c - Ozocubu's Armour      Ice            57%          1%          3
d - Hailstorm             Conj/Ice       54%          1%          4
e - Summon Ice Beast      Ice/Summ       39%          4%          4
f - Mephitic Cloud        Conj/Pois/Air  39%          1%          3
g - Lightning Bolt        Conj/Air       24%          1%          5
h - Stone Arrow           Conj/Erth      96%          1%          3

Your spell library contained the following spells:

 Spells                   Type           Power        Failure   Level
 Conjure Ball Lightning   Conj/Air       24%          7%          6
 Freeze                   Ice            100%         1%          1
 Magic Dart               Conj           100%         1%          1
 Sandblast                Erth           88%          1%          1
 Shock                    Conj/Air       100%         1%          1
 Ensorcelled Hibernation  Hex/Ice        68%          1%          2
 Searing Ray              Conj           100%         1%          2
 Swiftness                Air            43%          1%          2
 Dazzling Flash           Conj/Hex       62%          1%          3
 Static Discharge         Conj/Air       48%          1%          3
 Airstrike                Air            21%          1%          4
 Fulminant Prism          Conj/Hex       15%          2%          4
 Iskenderun's Mystic Bla  Conj/Tloc      31%          2%          4
 Summon Small Mammal      Summ           68%          3%          1
 Call Imp                 Summ           17%          4%          2
 Summon Lightning Spire   Summ/Air       30%          9%          4
 Call Canine Familiar     Summ           17%          10%         3
 Summon Guardian Golem    Hex/Summ       13%          14%         3
 Metabolic Englaciation   Hex/Ice        17%          17%         5
 Iron Shot                Conj/Erth      24%          7%          6
 Tornado                  Air            21%          100%        9


Dungeon Overview and Level Annotations

Branches:
Dungeon (12/15)            Temple (1/1) D:5            Lair (6/6) D:8
 Shoals (0/4) Lair:2       Spider (0/4) Lair:3        Slime (0/5) Lair:5
    Orc (2/2) D:10            Elf (0/3) Orc:2       Ossuary (visited)
Gauntlet (visited)

Altars:
Ashenzari
Cheibriados
Dithmenos
Elyvilon
Fedhas
Gozag
Hepliaklqana
Makhleb
Nemelex Xobeh
Okawaru
Qazlal
Sif Muna
Trog
Uskayaw
Vehumet
Wu Jian
Xom
Yredelemnul
Zin
The Shining One
Beogh

Shops:
D:12 (

Annotations:
D:3 Natasha
D:11 1 runed translucent door, belegose's ghost, journeyman GnBr
D:12 3 runed translucent doors, Jorgrun; tinescath's ghost, journeyman TeAE
Lair:2 exclusions: door and downstairs
Lair:5 exclusion: 2 oklob plants


Innate Abilities, Weirdness & Mutations

You can breathe waves of freezing cold.
You can buffet flying creatures when you breathe cold.
Your icy white scales are hard. (AC +8)
You cannot fit into any form of body armour.
Your flesh is very cold resistant. (rC++)
You are cold-blooded and may be slowed by cold attacks.
Scrolls take you a little longer to read.
Your mind is acute. (Int +2)


Message History

Jorgrun casts a spell at you.
The wall shatters!
The blast of rock fragments hits you.
Casting: Stone Arrow (safe; 1% risk of failure)
Confirm with . or Enter, or press ? or * to list all spells.
Aiming: Stone Arrow (safe; 1% risk of failure)
Press: ? - help, Shift-Dir - straight line, f/p - Jorgrun
Aim: Jorgrun, wielding a +0 vorpal quarterstaff and wearing a +0 robe of willpower (almost dead, very poisoned, 40% to evade)
The stone arrow hits Jorgrun.
Jorgrun is almost dead.
The wall freezes Jorgrun!
Jorgrun hits you with a +0 vorpal quarterstaff!
* * * LOW HITPOINT WARNING * * *
x2 Unknown command.
Casting: Stone Arrow (safe; 1% risk of failure)
Confirm with . or Enter, or press ? or * to list all spells.
You don't have enough magic to cast that spell.
The wall freezes Jorgrun.
Jorgrun points at you and mumbles some strange words.
The wall shatters!
The blast of rock fragments hits you!!
You die...

########## # .
#..).....# . .
#........#.# .
#........#.# .
#..........
#^....g..# ##@#
#..# #.## #
####'#### .
#.......# .#
#####.###
#######.##
#...####........##
###.##............
#...##.#........##


You could see Jorgrun (very poisoned).

Vanquished Creatures
  Josephine (Lair:4)
  4 hydras
  3 two-headed ogres
  2 boulder beetles
  A catoblepas (Lair:5)
  14 death yaks
  An unseen horror (D:10)
  An orc sorcerer (Orc:2)
  An elephant (Lair:5)
  7 black mambas
  6 cane toads
  A gargoyle (D:11)
  2 rime drakes (Lair:2)
  5 komodo dragons
  An ice devil (Gauntlet)
  A queen bee (Lair:4)
  2 trolls
  2 meliai (Lair:4)
  5 polar bears
  4 blink frogs (Lair:4)
  Grinder (D:3)
  2 slime creatures (D:11)
  Sigmund (D:2)
  A redback (Lair:3)
  21 yaks
  3 wraiths (Lair:4)
  Grum (D:9)
  A basilisk (Lair:3)
  5 wyverns
  A steam dragon (D:9)
  A warg (Orc:2)
  17 water moccasins
  6 black bears
  3 sky beasts
  3 phantoms
  7 ice beasts
  13 orc warriors
  11 ogres
  14 wolves
  7 centaurs
  Blork the orc (D:4)
  14 bullfrogs
  4 big kobolds
  2 water moccasin zombies (Ossuary)
  5 scorpions
  17 killer bees
  4 wights (D:11)
  6 electric eels
  A centaur zombie (D:11)
  A bullfrog zombie (D:8)
  4 hounds
  2 jellies
  7 orc priests
  2 centaur skeletons
  Natasha (twice) (D:3)
  A bullfrog skeleton (D:11)
  5 iguanas
  13 orc wizards
  2 hell rats (Lair:3)
  3 worker ants
  2 killer bee zombies
  A big kobold zombie (Ossuary)
  3 mummies
  7 adders
  10 river rats (Lair:3)
  A shadow imp (D:5)
  2 white imps (Gauntlet)
  3 ufetubi
  2 oozes
  3 adder skeletons
  3 adder zombies
  A worm (D:2)
  5 dart slugs
  4 leopard geckos
  49 orcs
  3 giant cockroaches
  A gnoll zombie (Ossuary)
  5 goblins
  6 hobgoblins
  4 jackals (D:1)
  26 kobolds
  3 quokkas
  3 bats
  5 frilled lizards
  A giant cockroach zombie (D:5)
  6 hobgoblin zombies
  5 kobold zombies (Ossuary)
  12 orc zombies
  8 rats
  A butterfly (Lair:4)
464 creatures vanquished.

Vanquished Creatures (collateral kills)
  A death yak (Lair:4)
  A cane toad (Lair:2)
  A meliai (Lair:4)
  2 slime creatures (D:11)
  A blink frog (Lair:4)
  3 yaks
  A water moccasin (Lair:4)
  2 orc warriors
  A big kobold (D:8)
  A bullfrog (Lair:3)
  A killer bee (Lair:4)
  An orc priest (D:10)
  An orc wizard (D:10)
  An orc (Orc:1)
  2 kobolds (D:8)
20 creatures vanquished.

Vanquished Creatures (others)
  An orc priest (D:11)
  An orc wizard (D:5)
  2 orcs (D:11)
  A bush (Lair:6)
  68 fungi
  86 plants
  9 toadstools (Lair:2)
168 creatures vanquished.

Grand Total: 652 creatures vanquished

Notes
Turn   | Place    | Note
-------+----------+-------------------------------------------
     0 | D:1      | woodenlegs the Draconian Ice Elementalist began the quest
                  | for the Orb.
     0 | D:1      | Reached XP level 1. HP: 14/14 MP: 3/3
   449 | D:1      | Reached XP level 2. HP: 17/20 MP: 3/5
   569 | D:1      | Upgraded the game from 0.26-a0-1132-ge9770dfcb6 to
                  | 0.26-a0-1139-g7d2dc893a1
  1148 | D:1      | Reached XP level 3. HP: 26/26 MP: 6/6
  1152 | D:1      | Learned a level 3 spell: Frozen Ramparts
  1270 | D:2      | Reached skill level 8 in Ice Magic
  1270 | D:2      | Reached XP level 4. HP: 41/41 MP: 6/10
  1274 | D:2      | Reached skill level 5 in Dodging
  1274 | D:2      | Reached skill level 9 in Ice Magic
  1274 | D:2      | Reached XP level 5. HP: 46/47 MP: 6/13
  1279 | D:2      | Learned a level 3 spell: Ozocubu's Armour
  1284 | D:2      | Learned a level 4 spell: Hailstorm
  1455 | D:2      | Noticed Sigmund
  1470 | D:2      | Killed Sigmund
  1471 | D:2      | Reached skill level 5 in Fighting
  1471 | D:2      | Reached XP level 6. HP: 56/56 MP: 5/15
  1563 | D:2      | Found an opulent altar of Gozag.
  2256 | D:3      | Noticed Grinder
  2276 | D:3      | Reached skill level 1 in Conjurations
  2663 | D:3      | Noticed Natasha
  2675 | D:3      | Killed Natasha
  2731 | D:3      | Noticed Natasha
  2736 | D:3      | Killed Natasha
  2749 | D:3      | Killed Grinder
  2750 | D:3      | Your scales start taking on an icy white colour.
  2750 | D:3      | Reached skill level 10 in Ice Magic
  2750 | D:3      | Reached XP level 7. HP: 37/61 MP: 16/16
  2750 | D:3      | Gained mutation: Your flesh is cold resistant. (rC+) [White
                  | Draconian growth]
  2925 | D:3      | Learned a level 4 spell: Summon Ice Beast
  3082 | D:3      | Noticed Natasha
  3103 | D:4      | Reached skill level 5 in Stealth
  3128 | D:4      | Noticed Blork the orc
  3211 | D:4      | Found a sand-covered staircase.
  3216 | Ossuary  | Entered an ossuary
  3698 | D:4      | Killed Blork the orc
  3699 | D:4      | Reached XP level 8. HP: 65/68 MP: 10/17
  3877 | D:5      | Entered Level 5 of the Dungeon
  4224 | D:5      | Found a staircase to the Ecumenical Temple.
  4366 | Temple   | Entered the Ecumenical Temple
  4580 | Temple   | Became a worshipper of Vehumet
  4702 | D:5      | Found a stormy altar of Qazlal.
  4832 | D:5      | Found an ornate altar of the Wu Jian Council.
  5233 | D:6      | Reached skill level 5 in Short Blades
  5605 | D:6      | Reached * piety under Vehumet
  5605 | D:6      | Offered knowledge of Sandblast by Vehumet.
  5606 | D:6      | Reached XP level 9. HP: 72/74 MP: 15/18
  5608 | D:6      | Learned a level 1 spell: Sandblast
  5709 | D:6      | Found a bloodstained altar of Trog.
  6115 | D:7      | Reached skill level 1 in Summonings
  6381 | D:7      | Reached skill level 1 in Earth Magic
  6964 | D:7      | Reached ** piety under Vehumet
  6964 | D:7      | Offered knowledge of Foxfire by Vehumet.
  7171 | D:8      | Found a staircase to the Lair.
  7355 | D:8      | Reached XP level 10. HP: 30/81 MP: 17/19
  7930 | D:8      | Offered knowledge of Static Discharge by Vehumet.
  7931 | D:8      | Reached skill level 11 in Ice Magic
  8157 | D:8      | Reached *** piety under Vehumet
  8811 | D:9      | Found a glowing silver altar of Zin.
  8887 | D:9      | Noticed a two-headed ogre
  9210 | D:9      | Killed a two-headed ogre
  9596 | D:9      | Noticed Grum
  9601 | D:9      | Offered knowledge of Mephitic Cloud by Vehumet.
  9607 | D:9      | Killed Grum
 10014 | D:9      | Found a shimmering blue altar of Sif Muna.
 10106 | D:10     | Entered Level 10 of the Dungeon
 10167 | D:10     | Reached skill level 12 in Ice Magic
 10707 | D:10     | Found a staircase to the Orcish Mines.
 10747 | D:10     | Learned a level 3 spell: Mephitic Cloud
 10760 | D:10     | Killed an unseen horror
 10761 | D:10     | Reached skill level 1 in Air Magic
 10761 | D:10     | Reached XP level 11. HP: 58/92 MP: 13/20
 11136 | D:10     | Identified a scroll of acquirement
 11136 | D:10     | Acquired Weikhlabb's Almanac of Glacial Battle Magic
 11284 | D:10     | Noticed a brown ugly thing
 11598 | Lair:1   | Entered Level 1 of the Lair of Beasts
 11629 | Lair:1   | Reached skill level 5 in Conjurations
 12204 | Lair:1   | Reached skill level 1 in Poison Magic
 12453 | Lair:1   | Reached **** piety under Vehumet
 12908 | Lair:1   | Noticed a death yak
 12908 | Lair:1   | Noticed a death yak
 12911 | Lair:1   | Noticed a death yak
 12911 | Lair:1   | Noticed a death yak
 12913 | Lair:1   | Noticed a death yak
 12921 | Lair:1   | Killed a death yak
 12923 | Lair:1   | Killed a death yak
 12923 | Lair:1   | Noticed a death yak
 12943 | Lair:1   | Killed a death yak
 12945 | Lair:1   | Killed a death yak
 12946 | Lair:1   | Reached skill level 5 in Air Magic
 13254 | Lair:1   | Killed a death yak
 13258 | Lair:1   | Killed a death yak
 13946 | Lair:2   | Noticed a boulder beetle
 13976 | Lair:2   | Killed a boulder beetle
 13977 | Lair:2   | Reached XP level 12. HP: 39/100 MP: 22/22
 14261 | Lair:2   | Found a staircase to the Shoals.
 14885 | Lair:2   | Noticed a dire elephant
 14905 | Lair:2   | Found a runed translucent door.
 16339 | Lair:3   | Noticed an eight-headed hydra
 16349 | Lair:3   | Killed an eight-headed hydra
 16582 | Lair:3   | Found a hole to the Spider Nest.
 16597 | Lair:3   | Offered knowledge of Stone Arrow by Vehumet.
 16604 | Lair:3   | Learned a level 5 spell: Lightning Bolt
 16608 | Lair:3   | Learned a level 3 spell: Stone Arrow
 16730 | Lair:3   | Reached skill level 1 in Evocations
 18157 | Lair:4   | Noticed a four-headed hydra
 18172 | Lair:3   | Killed a four-headed hydra
 18802 | Lair:4   | Noticed Josephine
 18816 | Lair:4   | Killed Josephine
 18817 | Lair:4   | Reached skill level 5 in Earth Magic
 20335 | Lair:4   | Reached XP level 13. HP: 19/105 MP: 13/25
 21368 | Lair:5   | Gained mutation: Your tail ends in a poisonous barb.
                  | [potion of mutation]
 21368 | Lair:5   | Gained mutation: You are strong-willed. (Will+) [potion of
                  | mutation]
 21368 | Lair:5   | Gained mutation: You tend to lose your temper in combat.
                  | [potion of mutation]
 21368 | Lair:5   | Gained mutation: Your flesh is very cold resistant. (rC++)
                  | [potion of mutation]
 23216 | Lair:5   | Upgraded the game from 0.26-a0-1139-g7d2dc893a1 to
                  | 0.26-a0-1164-g1a551d6a14
 24204 | Lair:5   | Found a staircase to the Slime Pits.
 25445 | Lair:6   | Entered Level 6 of the Lair of Beasts
 26664 | Orc:1    | Entered Level 1 of the Orcish Mines
 26893 | Orc:2    | Entered Level 2 of the Orcish Mines
 27597 | Orc:2    | Reached skill level 10 in Conjurations
 28006 | Orc:1    | Reached ***** piety under Vehumet
 28010 | Orc:1    | Offered knowledge of Conjure Ball Lightning by Vehumet.
 28267 | D:11     | Found a gate leading to a gauntlet.
 28305 | Gauntlet | Entered a Gauntlet
 28305 | Gauntlet | Found a transporter.
 28315 | Gauntlet | Found a transporter.
 28318 | Gauntlet | Found a transporter.
 28319 | Gauntlet | Found a transporter.
 28321 | Gauntlet | Noticed a death ooze
 28327 | Gauntlet | Found a transporter.
 28330 | Gauntlet | Found a transporter.
 28331 | Gauntlet | Found a transporter.
 28339 | Gauntlet | Found a transporter.
 28342 | Gauntlet | Found a transporter.
 28344 | Gauntlet | Found a transporter.
 28351 | Gauntlet | Found a transporter.
 28354 | Gauntlet | Found a transporter.
 28355 | Gauntlet | Found a transporter.
 28363 | Gauntlet | Found a transporter.
 28696 | Gauntlet | Identified the cursed +0 kite shield "Oroluh" {rF+ rC++}
 28696 | Gauntlet | Noticed a minotaur
 28757 | Gauntlet | Identified the Collected Works on Air
 29241 | D:11     | Lost mutation: Your tail ends in a poisonous barb. [potion
                  | of mutation]
 29241 | D:11     | Lost mutation: You are strong-willed. (Will+) [potion of
                  | mutation]
 29241 | D:11     | Lost mutation: You tend to lose your temper in combat.
                  | [potion of mutation]
 29241 | D:11     | Gained mutation: Scrolls take you a little longer to read.
                  | [potion of mutation]
 29241 | D:11     | Gained mutation: Your mind is acute. (Int +2) [potion of
                  | mutation]
 30423 | D:11     | Found a runed translucent door.
 30424 | D:11     | Noticed belegose's ghost (journeyman GnBr)
 30637 | D:12     | Found Zuwno's Weapon Boutique.
 30674 | D:12     | Found a runed translucent gate.
 30674 | D:12     | Found a runed translucent gate.
 30675 | D:12     | Found a runed translucent gate.
 30677 | D:12     | Noticed tinescath's ghost (journeyman TeAE)
 30761 | D:12     | Found a roughly hewn altar of Beogh.
 31124 | D:12     | Noticed Jorgrun
 31137 | D:12     | Killed from afar by Jorgrun

Illustrated notes

Levels and vault maps discovered:
D:1:      lightli_iron_boxes, layout_loops_corners
D:2:      layout_loops_ring, lemuel_crystal_altar, uniq_sigmund
D:3:      layout_basic, dk_noncrumbling_4, minmay_misc_feat_rows,
          wad_rectangle_vault, uniq_natasha, uniq_grinder
D:4:      layout_rooms, nicolae_ossuary_entry_giza, uniq_blork_the_orc
D:5:      layout_loops_ring, nicolae_qazlal_general_emergency,
          nicolae_overflow_hidden_temple, general_overflow_altar,
          minmay_temple_entry_waves
D:6:      layout_basic, marbit_many_paths
D:7:      layout_basic, fountainhead
D:8:      layout_rooms, due_lair_maze_entry_diamond
D:9:      layout_loops_ring, overflow_temple_1_default,
          overflow_temple_1_default, uniq_grum
D:10:     layout_gridville, orc_0_dummy
D:11:     layout_cave_pods, gauntlet_entry_generic, ebering_ghost_inner_flame,
          kennysheep_boxes
D:12:     layout_roguey [special_room_orc], serial_shops, shop,
          gammafunk_ghost_split, uniq_jorgrun
Temple:   dpeg_chambers_temple
Lair:1:   layout_roguey, grunt_megastairs_4
Lair:2:   gammafunk_lair_enchanted_lake, layout_cave_pods,
          minmay_shoals_entry_hut, serial_bayou_pond_e,
          chequers_serial_rivers_large_a
Lair:3:   layout_hall_layers, spider_nest_entry_webs, kennysheep_rathole,
          infiniplex_staircase_pool, grunt_megastairs_3, lemuel_fruit_fields,
          serial_bayou_shore_b
Lair:4:   layout_hall_layers, special_room [special_room_bee],
          lemuel_fruit_fields, uniq_josephine
Lair:5:   layout_hall_layers, dpeg_slime_entry_corner,
          nicolae_quartered_pool_medium, beast_lair_carwin_4, lemuel_fruit_tree,
          minmay_lair_oklob_chamber, infiniplex_staircase_pool_2
Lair:6:   hangedman_lair_caniforms_friends, layout_gridlike, uniq_sonja
Orc:1:    layout_caves
Orc:2:    st_orc_ogre_mass, layout_caves, basic_altar

Skill      XL: |  1  2  3  4  5  6  7  8  9 10 11 12 13 |
---------------+----------------------------------------+-----
Dodging        | 2 5 6 7 |  7.0
Fighting       | 4 5 7 8 |  8.5
Short Blades   | 4 5 6 |  6.0
Spellcasting   | 4 6 8 9 |  9.0
Ice Magic      | 8 9 10 12 | 12.0
Stealth        | 4 5 6 7 |  7.0
Conjurations   | 1 2 3 4 7 8 10 | 10.5
Summonings     | 2 |  2.0
Earth Magic    | 3 6 8 |  8.2
Air Magic      | 1 5 8 |  8.0
Poison Magic   | 3 |  3.2
Evocations     | 1 |  1.0

Action                   |  1- 3 |  4- 6 |  7- 9 | 10-12 | 13-15 || total
-------------------------+-------+-------+-------+-------+-------++-------
Melee: Unarmed           |     4 |       |       |       |       ||     4
       Dagger            |    14 |    82 |   361 |   420 |   456 ||  1333
       Tailslap          |       |     9 |    41 |    85 |    77 ||   212
       Short sword       |       |       |       |   248 |       ||   248
 Cast: Freeze            |    18 |     8 |       |       |       ||    26
       Frozen Ramparts   |       |     2 |     7 |    26 |    16 ||    51
       Ozocubu's Armour  |       |     2 |     2 |    15 |    23 ||    42
       Hailstorm         |       |       |     4 |    11 |     5 ||    20
       Summon Ice Beast  |       |       |     3 |    15 |    27 ||    45
       Mephitic Cloud    |       |       |       |     5 |     8 ||    13
       Stone Arrow       |       |       |       |    17 |    76 ||    93
       Lightning Bolt    |       |       |       |     8 |    24 ||    32
 Abil: Breathe Frost     |       |       |     2 |     2 |     1 ||     5
Evoke: Wand              |       |       |       |    18 |     5 ||    23
       Phantom mirror    |       |       |       |       |     1 ||     1
       Condenser vane    |       |       |       |       |     1 ||     1
  Use: Scroll            |     4 |     3 |    19 |    13 |    13 ||    52
       Potion            |     1 |     3 |       |     8 |    21 ||    33
 Stab: Sleeping          |     4 |     4 |    26 |    14 |     7 ||    55
       Paralysed         |       |       |       |     2 |       ||     2
       Distracted        |       |       |       |     2 |       ||     2
       Confused          |       |       |       |     2 |     4 ||     6
       Invisible         |       |       |       |       |     3 ||     3
Armor: Skin              |     6 |    17 |    78 |   217 |   153 ||   471
Dodge: Dodged            |    18 |    44 |   199 |   432 |   369 ||  1062

Table legend: (Time is in decaauts)
 A = Elapsed time spent in this place.
 B = Non-inter-level travel time spent in this place.
 C = Inter-level travel time spent in this place.
 D = Time resting spent in this place.
 E = Time spent auto-exploring this place.
 F = Levels seen in this place.
 G = Mean time per level.
                   A        B        C        D        E       F      G
               +--------+--------+--------+--------+--------+-----+--------+
         Total |  30871 |  29858 |   1013 |  13464 |  11619 |  23 | 1342.2 |
       Dungeon |  13574 |  13081 |    493 |   4401 |   6480 |  12 | 1131.2 |
        Temple |    228 |    220 |      8 |      0 |    189 |   1 |  228.0 |
          Lair |  14943 |  14460 |    483 |   7768 |   4827 |   6 | 2490.5 |
  Orcish Mines |   1389 |   1361 |     28 |   1001 |    122 |   2 |  694.5 |
       Ossuary |    294 |    294 |      0 |    112 |      0 |   1 |  294.0 |
      Gauntlet |    440 |    440 |      0 |    180 |      0 |   1 |  440.0 |
               +--------+--------+--------+--------+--------+-----+--------+

Top non-repeatable levels by time:
  Lair:4: 4339 daAuts
  Lair:2: 2747 daAuts
  Lair:5: 2438 daAuts
  Lair:3: 2368 daAuts
  Lair:1: 2036 daAuts
    D:11: 1956 daAuts
     D:8: 1737 daAuts
     D:9: 1464 daAuts
    D:10: 1382 daAuts
   Orc:1: 1284 daAuts
     D:1: 1216 daAuts
     D:7: 1119 daAuts
     D:2: 1026 daAuts
  Lair:6: 1013 daAuts
     D:6: 1008 daAuts
